 Dungeon Crawl Stone Soup version 0.31.0-11-ge490571c62 (webtiles) character file.

Game seed: 11187804559618516345

42 Arcadio the Chiller (level 3, 0/28 HPs)
             Began as a Naga Ice Elementalist on Jan 30, 2024.
             Killed by nerve-wracking pain
             ... invoked by Grinder
              (14 damage)
             ... on level 2 of the Dungeon.
             The game lasted 00:03:14 (1862 turns).

Arcadio the Chiller (Naga Ice Elementalist)         Turns: 1862, Time: 00:03:14

Health: 0/28       AC:  2    Str: 10    XL:     3   Next: 54%
Magic:  0/6        EV:  9    Int: 17    God:
Gold:   117        SH:  0    Dex: 11    Spells: 6/7 levels left

rFire   . . .        j - +0 dagger
rCold   . . .        (no shield)
rNeg    . . .        a - +0 robe
rPois   +            (helmet currently unavailable)
rElec   .            (cloak currently unavailable)
rCorr   .            (gloves currently unavailable)
SInv    +            (no barding)
Will    .....        (no amulet)
Stlth   ++           (no ring)
HPRegen 0.24/turn    (no ring)
MPRegen 0.10/turn

%: no passive effects
@: beast-form, very slow
A: beast (slay +0), AC +1, large, see invisible, deformed body, poison
resistance, slowness 2, spit poison 1, naga tail 1
a: Spit Poison, Begin Untransformation


You were on level 2 of the Dungeon.
You were a hulking beast.
You visited 1 branch of the dungeon, and saw 3 of its levels.

You collected 117 gold pieces.

Inventory:

Hand Weapons
 j - a +0 dagger (weapon)
Armour
 a - a +0 robe (worn)
Talismans
 h - a beast talisman (active)
Scrolls
 f - 3 scrolls of identify {unknown}
 i - 3 scrolls of teleportation {unknown}
 k - a scroll of fear {unknown}
 l - a scroll of blinking {unknown}
 m - 2 scrolls of enchant weapon {unknown}
Potions
 b - a potion of magic
 c - a potion of mutation {unknown}
 d - a potion of might {unknown}
 e - 2 potions of attraction {unknown}
 g - a potion of brilliance {unknown}


   Skills:
 - Level 1.5 Dodging
 + Level 4.2 Stealth
 + Level 2.6 Spellcasting
 + Level 4.4 Ice Magic


You had 6 spell levels left.
You knew the following spells:

 Your Spells              Type           Power      Damage    Failure   Level
a - Freeze                Ice            68%        1d8       3%          1

Your spell library contained the following spells:

 Spells                   Type           Power      Damage    Failure   Level
 Frozen Ramparts          Ice            34%        1d6       9%          3
 Ozocubu's Armour         Ice            17%        N/A       9%          3
 Summon Ice Beast         Ice/Summ       9%         N/A       22%         3


Dungeon Overview and Level Annotations

Branches:
Dungeon (3/15)

Altars:

Annotations:
D:2 Grinder


Innate Abilities, Weirdness & Mutations

You are a hulking beast.
Your limbs bulge with bestial killing power. (Slay +0)
Your serpentine skin is tough. (AC +1)
You have supernaturally acute eyesight. (SInv)
Armour fits poorly on your strangely shaped body.
Your system is resistant to poisons. (rPois)
You cover ground very slowly.
You can spit poison.
You have a snake-like lower body.


Message History

Aiming: Freeze (safe; 3% risk of failure)
Press: ? - help, Shift-Dir - straight line, f/p - Grinder
Aim: Grinder You freeze Grinder but do no damage.
Grinder completely resists.
Grinder closely misses you.
Casting: Freeze (safe; 3% risk of failure)
Confirm with . or Enter, or press ? or * to list all spells.
Aiming: Freeze (safe; 3% risk of failure)
Press: ? - help, Shift-Dir - straight line, f/p - Grinder
Aim: Grinder You freeze Grinder but do no damage.
Grinder completely resists.
Grinder hits you.
You writhe in agony.
Casting: Freeze (safe; 3% risk of failure)
Confirm with . or Enter, or press ? or * to list all spells.
Aiming: Freeze (safe; 3% risk of failure)
Press: ? - help, Shift-Dir - straight line, f/p - Grinder
Aim: Grinder You freeze Grinder.
Grinder resists.
Grinder is lightly wounded.
Grinder says, "I used to sell toenails on the black market."
Grinder hits you but does no damage.
Casting: Freeze (safe; 3% risk of failure)
Confirm with . or Enter, or press ? or * to list all spells.
Aiming: Freeze (safe; 3% risk of failure)
Press: ? - help, Shift-Dir - straight line, f/p - Grinder
Aim: Grinder (lightly wounded)
You freeze Grinder.
Grinder resists.
Grinder is lightly wounded.
Grinder hits you!
Casting: Freeze (safe; 3% risk of failure)
Confirm with . or Enter, or press ? or * to list all spells.
You don't have enough magic to cast this spell.
Unknown command.
You hit Grinder but do no damage.
Grinder is lightly wounded.
Grinder gestures at you. Pain shoots through your body!
Ouch! That really hurt!
You die...
Grinder says, "Now the real fun starts!"

#.# #.### #.# #...##### #.#
#.#.....# ####.# #.†.###.# ###
.....# ####.†....... ..# ######
########............ ... . #
#...).........#.#.## #.# # #
##.######.####.#.#.# #.# # #
#.....##.5h###.#.#.# #.# # #
#..............#.#.####.### #
#......#...##..#.#.......## #
#......##.###..#.#.#.##..## #
##......##......<.....##.)..
######.......##.###.)###.####.###
.......##.#####.###...........# #
#####..##.# #...##......####.# #
# #..##.####.#.#######.# #.#


You could see Grinder.

Vanquished Creatures
  2 adders (D:3)
  A ribbon worm (D:2)
  An endoplasm (D:2)
  A giant cockroach (D:3)
  4 goblins
  4 hobgoblins
  A quokka (D:1)
  2 bats (D:1)
  2 frilled lizards
  4 rats
22 creatures vanquished.

Notes
Turn   | Place    | Note
-------+----------+-------------------------------------------
     0 | D:1      | Arcadio the Naga Ice Elementalist began the quest for the
                  | Orb.
     0 | D:1      | Reached XP level 1. HP: 15/15 MP: 3/3
   377 | D:1      | Reached XP level 2. HP: 15/22 MP: 1/5
  1726 | D:3      | Noticed a bombardier beetle
  1745 | D:3      | Reached XP level 3. HP: 21/28 MP: 1/6
  1846 | D:3      | Noticed Grinder
  1856 | D:2      | Paralysed by Grinder for 2 turns
  1862 | D:2      | Killed from afar by Grinder

Illustrated notes

Levels and vault maps discovered:
D:1:      wander_arrival_fairy_ring, layout_basic
D:2:      layout_loops_ring, grunt_decor_junction, serial_park_tiny_2,
          minmay_misc_feat_iff, dk_noncrumbling_3
D:3:      layout_basic, kennysheep_generic_room_3, uniq_grinder

Skill      XL: |  1  2 |
---------------+-------+-----
Stealth        | 4 |  4.2
Dodging        | |  1.5
Spellcasting   | |  2.6
Ice Magic      | |  4.4

Action                     || total
---------------------------++-------
  Melee: Unarmed           ||     7
         Dagger            ||    22
   Cast: Freeze            ||    31
Ability: Spit Poison       ||    13
   Stab: Sleeping          ||     1
 Armour: Robe              ||    36
  Dodge: Dodged            ||    23
   Form: Beast             ||     1
